 Dungeon Crawl Stone Soup version 0.26.1-10-gdfb7c7de75 (webtiles) character file.

Game seed: 8034427307703238205

2737 DearestLeader the Frost Mage (level 9, 0/67 (68) HPs)
             Began as a Merfolk Ice Elementalist on Apr 7, 2021.
             Was an Initiate of Vehumet.
             Slain by a wight
             ... wielding a cursed +3 battleaxe
              (6 damage)
             ... on level 8 of the Dungeon.
             The game lasted 00:23:02 (11489 turns).

DearestLeader the Frost Mage (MfIE)                Turns: 11489, Time: 00:23:03

HP:   0/67 (68)     AC:  6    Str:  8    XL:     9   Next: 67%
MP:   1/13          EV: 13    Int: 18    God:    Vehumet [......]
Gold: 95            SH:  0    Dex: 14    Spells: 3/14 levels left

rFire    . . .     SeeInvis +   c - +0 dagger (curse)
rCold    . . .     Faith    .   (no shield)
rNeg     + . .     Spirit   .   H - +2 leather armour of Wu Jian's Supremacy {rN+ SInv}
rPois    .         Reflect  .   (no helmet)
rElec    .         Harm     .   n - scarf {shadows}
rCorr    .         Rampage  .   a - +0 pair of gloves
Will     .....     Rnd*Tele +   (no boots)
Stlth    +.........             (no amulet)
HPRegen  0.21/turn              k - ring of attention (curse)
MPRegen  0.13/turn              G - ring of teleportation (curse)

@: mesmerised, lightly drained
A: change form in water, swift swim, stealthy swim
a: Renounce Religion


You were on level 8 of the Dungeon.
You worshipped Vehumet.
Vehumet was noncommittal.
You visited 2 branches of the dungeon, and saw 9 of its levels.

You collected 389 gold pieces.
You spent 294 gold pieces at shops.

Inventory:

Hand Weapons
 c - a cursed +0 dagger (weapon)
 x - a +1 whip of distortion
 y - a +1 longbow
 J - a +0 trident
Missiles
 d - 10 curare-tipped darts
 j - 2 throwing nets
 o - 58 sling bullets
 z - 5 atropa-tipped darts
 E - 27 poisoned darts (quivered)
Armour
 a - a +0 pair of gloves (worn)
 n - a scarf of shadows (worn)
 H - the +2 leather armour of Wu Jian's Supremacy (worn) {rN+ SInv}
   (You took it off an orc on level 6 of the Dungeon)

   It protects you from negative energy.
   It lets you see invisible.
Jewellery
 g - an uncursed ring of resist corrosion
 k - a cursed ring of attention (left hand)
 v - a +6 ring of intelligence
 B - an uncursed ring of see invisible
 G - a cursed ring of teleportation (right hand)
Wands
 C - a wand of digging (5)
Scrolls
 b - a scroll of enchant weapon
 s - 4 scrolls of teleportation
 t - 2 scrolls of amnesia
 A - a scroll of fear
 F - 2 scrolls of blinking
 I - a scroll of magic mapping
 K - a scroll of fog
Potions
 e - a potion of heal wounds
 f - a potion of might
 h - 4 potions of lignification
 i - 3 potions of resistance
 l - a potion of ambrosia
 m - a potion of haste
 p - a potion of brilliance
 q - 2 potions of attraction
 r - a potion of magic
 u - 3 potions of mutation
 w - 3 potions of curing
 D - a potion of cancellation {unknown}


   Skills:
 - Level 5.0 Fighting
 - Level 3.0 Throwing
 - Level 4.0 Dodging
 - Level 2.1 Stealth
 + Level 3.2 Spellcasting
 - Level 2.0 Summonings
 * Level 12.2 Ice Magic


You had 3 spell levels left.
You knew the following spells:

 Your Spells              Type           Power        Failure   Level
a - Freeze                Ice            92%          1%          1
b - Frozen Ramparts       Ice            46%          1%          3
c - Ozocubu's Armour      Ice            23%          1%          3
d - Summon Ice Beast      Ice/Summ       14%          12%         4

Your spell library contained the following spells:

 Spells                   Type           Power        Failure   Level
 Foxfire                  Conj/Fire      4%           24%         1
 Conjure Flame            Conj/Fire      1%           56%         3
 Inner Flame              Hex/Fire       1%           56%         3
 Hailstorm                Conj/Ice       12%          19%         4
 Sticky Flame             Conj/Fire      1%           93%         4
 Fireball                 Conj/Fire      0%           100%        5


Dungeon Overview and Level Annotations

Branches:
Dungeon (8/15)             Temple (1/1) D:7
   Lair: D:8-11

Altars:
Cheibriados
Dithmenos
Elyvilon
Fedhas
Gozag
Hepliaklqana
Kikubaaqudgha
Makhleb
Nemelex Xobeh
Okawaru
Qazlal
Ru
Sif Muna
Trog
Uskayaw
Vehumet
Wu Jian
Xom
Yredelemnul
Zin
The Shining One

Shops:
D:5 (   D:7 !   D:8 =

Annotations:
D:6 1 runed translucent door, Doot's ghost, novice DESu
D:8 Maggie


Message History

Your icy armour starts to melt.
Maggie casts a spell at you. The bolt of fire hits you!
Your icy armour melts away.
* * * LOW HITPOINT WARNING * * *
The wight hits you with a cursed +3 battleaxe!
* * * LOW HITPOINT WARNING * * *
You partially resist.
You feel drained.
You hit Maggie but do no damage.
Maggie is heavily wounded.
Maggie barely misses you.
A wight comes into view. It is wielding a +0 scythe.
The wight misses you.
You hit Maggie but do no damage.
Maggie is heavily wounded.
Maggie barely misses you.
You hit Maggie.
Maggie is heavily wounded.
The wight hits you with a cursed +3 battleaxe.
You die...

# #.# . .
#.#.# #.
#.#z# #
#.#.##
#....##
#.####@z...##
#.....@.....#
#
######.....$#
# #....#...
######.#.##
......<#.#
########.# ..
##


You could see Maggie (mesmerising) and 2 wights.

Vanquished Creatures
  2 yaks
  A water moccasin (D:6)
  4 sky beasts
  5 ogres
  A phantom (D:4)
  A centaur (D:7)
  2 bullfrogs
  A scorpion (D:5)
  4 killer bees (D:7)
  2 howler monkeys (D:8)
  3 hounds
  5 orc wizards
  An orc priest (D:5)
  A centaur skeleton (D:4)
  A gnoll shaman (D:8)
  2 jellies
  An iguana (D:6)
  6 worker ants
  A hound zombie (D:6)
  3 gnolls (D:8)
  7 adders
  2 howler monkey skeletons
  A shadow imp (D:5)
  An ufetubus (D:5)
  An ooze (D:4)
  4 worms
  2 dart slugs
  5 leopard geckos
  22 orcs
  2 giant cockroaches
  3 goblins
  7 hobgoblins
  2 jackals (D:7)
  4 quokkas
  2 bats (D:1)
  A frilled lizard (D:1)
  4 kobolds
  11 rats
128 creatures vanquished.

Vanquished Creatures (collateral kills)
  A big kobold (D:7)
  A bullfrog (D:8)
  A wyvern skeleton (D:7)
  A wight (D:8)
  A bullfrog zombie (D:6)
  A centaur zombie (D:6)
  2 orc wizards (D:6)
  A howler monkey zombie (D:8)
  A worker ant zombie (D:6)
  4 orcs (D:7)
  A jackal (D:6)
  A kobold (D:7)
16 creatures vanquished.

Vanquished Creatures (others)
  2 wights (D:8)
2 creatures vanquished.

Grand Total: 146 creatures vanquished

Notes
Turn   | Place    | Note
-------+----------+-------------------------------------------
     0 | D:1      | DearestLeader the Merfolk Ice Elementalist began the quest
                  | for the Orb.
     0 | D:1      | Reached XP level 1. HP: 13/13 MP: 3/3
   148 | D:1      | Reached XP level 2. HP: 14/19 MP: 1/5
   320 | D:1      | Reached skill level 5 in Ice Magic
   963 | D:1      | Reached XP level 3. HP: 24/24 MP: 4/6
   967 | D:1      | Learned a level 3 spell: Frozen Ramparts
  1445 | D:2      | Found a hide-covered altar of Uskayaw.
  1505 | D:2      | Noticed a bullfrog
  1528 | D:2      | Killed a bullfrog
  1529 | D:2      | Reached skill level 1 in Throwing
  1529 | D:2      | Reached skill level 6 in Ice Magic
  1529 | D:2      | Reached XP level 4. HP: 14/30 MP: 0/7
  1964 | D:3      | Found a shadowy altar of Dithmenos.
  2139 | D:3      | Found a glowing golden altar of the Shining One.
  2398 | D:3      | Reached XP level 5. HP: 20/35 MP: 2/8
  3118 | D:4      | Learned a level 3 spell: Ozocubu's Armour
  3434 | D:4      | Reached skill level 7 in Ice Magic
  3497 | D:4      | Reached XP level 6. HP: 27/41 MP: 4/9
  3692 | D:4      | Noticed a phantom
  3747 | D:4      | Reached skill level 8 in Ice Magic
  4436 | D:5      | Entered Level 5 of the Dungeon
  4516 | D:5      | Found a shimmering altar of Xom.
  4533 | D:5      | Noticed a sky beast
  4543 | D:5      | Killed a sky beast
  4544 | D:5      | Reached XP level 7. HP: 37/46 MP: 3/10
  4889 | D:5      | Reached skill level 9 in Ice Magic
  5779 | D:5      | Found Capnacli's Weapon Boutique.
  6615 | D:4      | Reached XP level 8. HP: 25/53 MP: 4/11
  6789 | D:4      | Learned a level 4 spell: Summon Ice Beast
  6854 | D:4      | Found a white marble altar of Elyvilon.
  7023 | D:4      | Reached skill level 1 in Fighting
  7318 | D:4      | Found a hazy altar of Hepliaklqana.
  7318 | D:4      | Found an iron altar of Okawaru.
  7318 | D:4      | Found a stormy altar of Qazlal.
  7541 | D:6      | Reached skill level 10 in Ice Magic
  7631 | D:6      | Found a runed translucent door.
  7635 | D:6      | Noticed Doot's ghost (novice DESu)
  7903 | D:6      | Reached skill level 1 in Summonings
  8003 | D:6      | Identified the +2 leather armour of Wu Jian's Supremacy
                  | {rN+ SInv}
  9044 | D:7      | Reached skill level 11 in Ice Magic
  9140 | D:7      | Reached XP level 9. HP: 6/64 MP: 1/12
  9659 | D:7      | Found a staircase to the Ecumenical Temple.
  9689 | Temple   | Entered the Ecumenical Temple
 10654 | D:7      | Found a radiant altar of Vehumet.
 10654 | D:7      | Found an opulent altar of Gozag.
 10660 | D:7      | Became a worshipper of Vehumet
 10697 | D:7      | Found Bakhlifo's Distillery.
 10710 | D:7      | Bought a potion of heal wounds for 70 gold pieces
 10710 | D:7      | Bought a potion of heal wounds for 70 gold pieces
 10710 | D:7      | Bought a potion of curing for 42 gold pieces
 10710 | D:7      | Bought a potion of mutation for 112 gold pieces
 10756 | D:7      | Found a bloodstained altar of Trog.
 10939 | D:8      | Noticed a boulder beetle
 11197 | D:8      | Reached skill level 5 in Fighting
 11197 | D:8      | Reached skill level 12 in Ice Magic
 11458 | D:8      | Found Lissin's Jewellery Boutique.
 11459 | D:8      | Noticed Maggie
 11489 | D:8      | Slain by a wight

Illustrated notes

Levels and vault maps discovered:
D:1:      scummos_arrival_simple_crosswalls, layout_basic,
          minmay_close_crescents
D:2:      layout_basic, lemuel_crystal_altar
D:3:      layout_basic, lemuel_crystal_altar, lemuel_doored_altar
D:4:      layout_basic, lemuel_crystal_altar, gammafunk_temple_overflow_claw
D:5:      layout_loops_cross, serial_shops, shop_fountains, basic_altar,
          hangedman_decor_opposing
D:6:      minmay_chambers_of_threes, layout_gridville, ebering_ghost_sewer_d
D:7:      layout_basic, lightli_temple_of_fire, gammafunk_temple_overflow_wave,
          serial_shops, shop_fountains
D:8:      layout_loops_ring, serial_shops, shop, lemuel_old_faithful,
          uniq_gastronok, uniq_maggie
Temple:   eino_temple_lava

Skill      XL: |  1  2  3  4  5  6  7  8  9 |
---------------+----------------------------+-----
Ice Magic      | 5 6 7 8 9 11 12 | 12.2
Throwing       | 1 2 3 |  3.0
Dodging        | 4 |  4.0
Fighting       | 3 5 |  5.0
Summonings     | 2 |  2.0
Spellcasting   | 3 |  3.2
Stealth        | |  2.1

Action                   |  1- 3 |  4- 6 |  7- 9 || total
-------------------------+-------+-------+-------++-------
Melee: Dagger            |    41 |   109 |   355 ||   505
       Unarmed           |     4 |       |       ||     4
Throw: Dart              |       |     5 |     4 ||     9
 Cast: Freeze            |    22 |    13 |    25 ||    60
       Frozen Ramparts   |     1 |    18 |    47 ||    66
       Ozocubu's Armour  |       |     6 |    17 ||    23
       Summon Ice Beast  |       |       |    19 ||    19
  Use: Scroll            |       |    11 |     9 ||    20
       Potion            |       |       |     5 ||     5
 Stab: Distracted        |       |       |     1 ||     1
       Sleeping          |       |       |     1 ||     1
Armor: Robe              |     7 |    18 |    27 ||    52
       Leather armour    |       |       |    66 ||    66
Dodge: Dodged            |    38 |    76 |   299 ||   413
